 Dungeon Crawl Stone Soup version 0.29.0-4-gdea44cf6ec (webtiles) character file.

Game seed: 3713345707827257975

118 qw the Chopper (level 5, -3/27 HPs)
             Began as a Tengu Warper on Aug 28, 2022.
             Killed by divine providence
             ... invoked by an orc priest
              (16 damage)
             ... on level 4 of the Dungeon.
             The game lasted 00:00:18 (3099 turns).

qw the Chopper (Tengu Warper)                       Turns: 3099, Time: 00:00:19

Health: -3/27      AC:  6    Str: 13    XL:     5   Next: 2%
Magic:  9/9        EV: 11    Int: 13    God:
Gold:   171        SH:  0    Dex: 14    Spells: 8/8 levels left

rFire   . . .      SeeInvis .   Y - +2 hand axe
rCold   + . .      Faith    .   (no shield)
rNeg    + . .      Spirit   .   h - +0 scale mail
rPois   .          Reflect  .   (helmet restricted)
rElec   .          Harm     .   (no cloak)
rCorr   .          Rampage  .   (no gloves)
Will    .....                   (boots unavailable)
Stlth   ..........              (no amulet)
HPRegen 0.09/turn               e - ring of positive energy
MPRegen 0.11/turn               (no ring)

@: weak-willed, flying quickly and evasively, quick
A: beak, talons 3, nimble flight, cold resistance 1, frail 1, MP-powered wands
a: no special abilities


You were on level 4 of the Dungeon.
You visited 1 branch of the dungeon, and saw 4 of its levels.

You collected 171 gold pieces.


Innate Abilities, Weirdness & Mutations

You have a beak for a mouth.
You have claws for feet.
Your magical nature lets you fly swiftly and evasively.
Your flesh is cold resistant. (rC+)
You are frail. (-10% HP)
You expend magic power (3 MP) to strengthen your wands.


   Skills:
 - Level 2.0 Fighting
 + Level 5.5 Axes
 - Level 1.0 Throwing
 - Level 1.1 Armour
 - Level 2.1 Dodging
 - Level 2.0 Spellcasting
 - Level 2.4 Translocations


You had 8 spell levels left.
You didn't know any spells.
Your spell library contained the following spells:

 Spells                   Type           Power      Damage    Failure   Level
 Blink                    Tloc           14%        N/A       56%         2
 Gell's Gravitas          Tloc           7%         N/A       80%         3
 Lesser Beckoning         Tloc           7%         N/A       80%         3
 Teleport Other           Tloc           7%         N/A       80%         3
 Manifold Assault         Tloc           7%         N/A       100%        5

Inventory:

Hand Weapons
 a - a +0 flail
 Y - a +2 hand axe (weapon)
Armour
 h - a +0 scale mail (worn)
Jewellery
 e - a ring of positive energy (left hand)
Scrolls
 b - 2 scrolls of teleportation
 d - a scroll of identify
Potions
 f - a potion of curing
 g - a potion of heal wounds
 i - a potion of might {unknown}
 l - a potion of flight {unknown}

Dungeon Overview and Level Annotations

Branches:
Dungeon (4/15)
 Temple: D:4-7

Altars:

Shops:
D:1 =


Message History

As you read the scroll of identify, it crumbles to dust.
c - a potion of degeneration;
3060 ||| IDENTIFYING fizzy ruby potion Done exploring.
3061 ||| DROPPING potion of degeneration.
You drop a potion of degeneration.
You hear a splash.
Done exploring.
(D) Dungeon
Where to? (* - list waypoints, Enter - D:3, ? - help)
What level of the Dungeon? (default 1, ? - help)
There is an open door here.
There is a stone staircase leading down here.
You fly downwards.
There is a stone staircase leading up here.
A quokka is nearby!
Existing waypoints: (1) D:2 (2) D:3 Assign waypoint to what number? (0-9, D - delete waypoint) Waypoint 1 re-assigned from D:2 to D:4.
The quokka twitches its whiskers.
You slash the quokka!
You kill the quokka!
An orc priest comes into view. It is wielding a +0 dagger.
The orc priest shouts!
You hear a shout! x2
An orc comes into view. It is wielding a +0 short sword.
The orc priest looks braver for a moment.
An orc comes into view. It is wielding a +0 short sword.
3096 ||| Stepping ~*~*~tactically~*~*~ (hiding).
The orc shouts!
An orc comes into view. It is wielding a +0 short sword.
An orc comes into view. It is wielding a +0 flail.
A kobold comes into view. It is wielding a +0 dagger.
The orc priest mumbles some strange prayers to Beogh against you.
Beogh smites you!
Ouch! That really hurt!
Found a stone staircase leading down.
The orc priest mumbles some strange prayers to Beogh against you.
Beogh smites you!
Ouch! That really hurt!
You die...

#.####. .......
#.o......
#........
o..o.....
##..o.....
#######oo......
......#@.....K.
#....#.#..>.
###.#....# .
#.....##.#
.#....#<#.##.#
###.....#.....
.#....#####..#.
.....# #.#..#
..... #......


You could see an orc priest, 4 orcs and a kobold.

Vanquished Creatures
  4 gnolls (D:2)
  2 adders
  A worm (D:3)
  A dart slug (D:2)
  11 endoplasms
  A giant cockroach (D:1)
  7 hobgoblins
  2 kobolds
  2 quokkas
  13 ball pythons
  2 bats (D:1)
  A frilled lizard (D:1)
  6 goblins
  2 rats (D:2)
55 creatures vanquished.

Notes
Turn   | Place    | Note
-------+----------+-------------------------------------------
     0 | D:1      | qw the Tengu Warper began the quest for the Orb.
     0 | D:1      | Reached XP level 1. HP: 12/12 MP: 4/4
     0 | D:1      | 0 ||| qw: Version: 0.1-a-89-g26bdef1
     0 | D:1      | 0 ||| qw: Game counter: 1799
     0 | D:1      | 0 ||| qw: Always use a shield: true
     0 | D:1      | 0 ||| qw: God list: Okawaru
     0 | D:1      | 0 ||| qw: Allow faded altars: false
     0 | D:1      | 0 ||| qw: Do Orc after D:15 true
     0 | D:1      | 0 ||| qw: Do second Lair branch before Depths: true
     0 | D:1      | 0 ||| qw: Lair rune preference: random
     0 | D:1      | 0 ||| qw: Plans: Normal
     0 | D:1      | 0 ||| PLANNING D:1-11
     7 | D:1      | 7 ||| DROPPING scroll of blinking.
     8 | D:1      | 8 ||| Stepping randomly (stuck).
     9 | D:1      | 9 ||| Stepping randomly (stuck).
    10 | D:1      | 10 ||| Stepping randomly (stuck).
    11 | D:1      | 11 ||| Stepping randomly (stuck).
    12 | D:1      | 12 ||| Stepping randomly (stuck).
    13 | D:1      | 13 ||| Stepping randomly (stuck).
    14 | D:1      | 14 ||| Stepping randomly (stuck).
   156 | D:1      | Found Umiun's Jewellery Shop.
   166 | D:1      | 166 ||| SHOPLISTING +4 ring of evasion (468 gold, have 21).
   166 | D:1      | 166 ||| SHOPLISTING +6 ring of strength (468 gold, have
                  | 21).
   166 | D:1      | 166 ||| SHOPLISTING amulet of the acrobat (390 gold, have
                  | 21).
   166 | D:1      | 166 ||| SHOPLISTING ring of ice (325 gold, have 21).
   166 | D:1      | 166 ||| SHOPLISTING ring of poison resistance (260 gold,
                  | have 21).
   166 | D:1      | 166 ||| SHOPLISTING ring of positive energy (260 gold, have
                  | 21).
   166 | D:1      | 166 ||| SHOPLISTING ring of resist corrosion (260 gold,
                  | have 21).
   182 | D:1      | Reached XP level 2. HP: 17/17 MP: 6/6
   197 | D:1      | 197 ||| Stepping randomly (stuck).
   207 | D:1      | Reached skill level 3 in Axes
   561 | D:1      | 561 ||| DROPPING +0 club.
   830 | D:1      | Reached XP level 3. HP: 21/21 MP: 7/7
   999 | D:1      | 999 ||| UPGRADING to +0 ring mail.
  1009 | D:1      | 1009 ||| DROPPING +0 leather armour.
  1010 | D:1      | 1010 ||| READING scroll labelled YNISAPNEK OTEN.
  1011 | D:1      | 1011 ||| READING scroll labelled ZUSATO ILORGH.
  1012 | D:1      | 1012 ||| DRINKING 2 orange potions.
  1012 | D:1      | Gained mutation: You have hidden genetic defects. [potion
                  | of mutation]
  1012 | D:1      | Gained mutation: You sometimes lose your temper in combat.
                  | [potion of mutation]
  1013 | D:1      | 1013 ||| DRINKING potion of mutation.
  1013 | D:1      | Lost mutation: You sometimes lose your temper in combat.
                  | [potion of mutation]
  1013 | D:1      | Lost mutation: You have hidden genetic defects. [potion of
                  | mutation]
  1013 | D:1      | Gained mutation: You expend magic power (3 MP) to
                  | strengthen your wands. [potion of mutation]
  1013 | D:1      | Gained mutation: You are frail. (-10% HP) [potion of
                  | mutation]
  1013 | D:1      | Gained mutation: Your flesh is cold resistant. (rC+)
                  | [potion of mutation]
  1014 | D:1      | 1014 ||| DRINKING 2 sedimented white potions.
  1044 | D:2      | 1044 ||| STAIRDANCE
  1051 | D:1      | Reached skill level 4 in Axes
  1112 | D:2      | 1112 ||| Stepping ~*~*~tactically~*~*~ (stealth).
  1125 | D:2      | HP: 4/18 [goblin/+0 dagger (2)]
  1146 | D:2      | HP: 2/18 [hobgoblin (1)]
  1443 | D:2      | Reached XP level 4. HP: 23/23 MP: 8/8
  1482 | D:2      | 1482 ||| Stepping ~*~*~tactically~*~*~ (stealth).
  1483 | D:2      | 1483 ||| Stepping ~*~*~tactically~*~*~ (stealth).
  1525 | D:2      | 1525 ||| FLEEEEING.
  1526 | D:2      | 1526 ||| FLEEEEING.
  1527 | D:2      | 1527 ||| FLEEEEING.
  1528 | D:2      | 1528 ||| FLEEEEING.
  1529 | D:2      | 1529 ||| FLEEEEING.
  1530 | D:2      | 1530 ||| FLEEEEING.
  1531 | D:2      | 1531 ||| FLEEEEING.
  1532 | D:2      | 1532 ||| STAIRDANCE
  1656 | D:1      | 1656 ||| READING scroll labelled ONUHUM RYATUCW.
  1667 | D:2      | Reached skill level 5 in Axes
  1667 | D:2      | 1667 ||| STAIRDANCE
  1896 | D:2      | 1896 ||| DROPPING +0 whip.
  1910 | D:2      | 1910 ||| Stepping ~*~*~tactically~*~*~ (stealth).
  1911 | D:2      | 1911 ||| Stepping ~*~*~tactically~*~*~ (stealth).
  1996 | D:2      | 1996 ||| Stepping ~*~*~tactically~*~*~ (stealth).
  2087 | D:2      | 2087 ||| Stepping ~*~*~tactically~*~*~ (stealth).
  2089 | D:2      | 2089 ||| Stepping ~*~*~tactically~*~*~ (hiding).
  2316 | D:2      | 2316 ||| UPGRADING to +0 scale mail.
  2326 | D:2      | 2326 ||| DROPPING +0 ring mail.
  2327 | D:2      | 2327 ||| DROPPING ring of wizardry.
  2328 | D:2      | 2328 ||| UPGRADING to ring of positive energy.
  2329 | D:2      | 2329 ||| READING scroll labelled XESEIM SIUCOVI.
  2441 | D:3      | Found a faded altar of an unknown god.
  2763 | D:3      | 2763 ||| READING scroll of enchant weapon.
  2763 | D:3      | 2763 ||| ENCHANTING +1 hand axe.
  3019 | D:3      | Gained mutation: Your magical nature lets you fly swiftly
                  | and evasively. [Tengu growth]
  3019 | D:3      | Reached XP level 5. HP: 27/27 MP: 9/9
  3054 | D:3      | 3054 ||| READING 3 scrolls labelled CUINWI GAOKH.
  3057 | D:3      | 3057 ||| READING scroll labelled ZIEG KAIX.
  3058 | D:3      | 3058 ||| READING scroll labelled ICUDDER SYROTO.
  3059 | D:3      | 3059 ||| DRINKING 2 clear potions.
  3060 | D:3      | 3060 ||| READING 2 scrolls of identify.
  3060 | D:3      | 3060 ||| IDENTIFYING fizzy ruby potion
  3061 | D:3      | 3061 ||| DROPPING potion of degeneration.
  3096 | D:4      | 3096 ||| Stepping ~*~*~tactically~*~*~ (hiding).
  3099 | D:4      | Killed from afar by an orc priest

Levels and vault maps discovered:
D:1:      minmay_arrival_glassed_features, layout_loops_corners, serial_shops,
          nicolae_shop_trees, moated_statue, st_stairs_4
D:2:      layout_rooms
D:3:      layout_basic, chequers_ecumenical_altar_island,
          corexii_leaking_fountain
D:4:      layout_rooms, mainiacjoe_overflow_six_doors_small,
          minmay_temple_entry_trees, serial_glass, glass_columns_a,
          glass_columns_c, glass_columns_b, glass_columns_c, glass_columns_a,
          glass_columns_a, glass_columns_b, glass_columns_b,
          due_unseen_surprise, minmay_strange_pillars, item_on_display_a,
          minmay_strange_pillars, uniq_robin

Skill      XL: |  1  2  3  4 |
---------------+-------------+-----
Axes           | 3 4 5 |  5.5
Fighting       | |  2.0
Throwing       | |  1.0
Armour         | |  1.1
Dodging        | |  2.1
Spellcasting   | |  2.0
Translocations | |  2.4

Action                   |  1- 3 |  4- 6 || total
-------------------------+-------+-------++-------
Melee: Hand axe          |    67 |    41 ||   108
       Kick              |    20 |    10 ||    30
       Peck              |     6 |     4 ||    10
Throw: Boomerang         |     7 |       ||     7
  Use: Potion            |     3 |     1 ||     4
       Scroll            |     2 |     7 ||     9
Armor: Leather armour    |     5 |       ||     5
       Ring mail         |     9 |     3 ||    12
       Scale mail        |       |     4 ||     4
Dodge: Dodged            |    41 |    18 ||    59

Table legend:
 A = Non-vault XP
 B = Vault XP
 C = Vault XP percentage of total XP
 D = Non-vault monster count
 E = Vault monster count
 F = Vault count percentage of total count
                 A         B        C        D         E       F
            +---------+---------+-------+---------+---------+-------
      Total |     165 |       4 |   2.4 |      53 |       2 |   3.6
            +---------+---------+-------+---------+---------+-------
        D:1 |      44 |       4 |   8.3 |      22 |       2 |   8.3
        D:2 |      98 |       0 |   0.0 |      20 |       0 |   0.0
        D:3 |      21 |       0 |   0.0 |      10 |       0 |   0.0
        D:4 |       2 |       0 |   0.0 |       1 |       0 |   0.0
            +---------+---------+-------+---------+---------+-------
